AoeStats
← [AdelB] TupacPalo

Arena

506628598Analyzed
1v1 RM · 19d ago on Sep 14, 2026· 49m 49s· 2 players
Game mode
Random Map
Map size
Tiny (2 player)
Population
200
Speed
Normal
Resources
Standard
Victory
Conquest
Starting age
Dark Age
Ending age
Imperial Age
RankedLock teamsTeams togetherTeam positionsShared explorationLock speedFull tech treeHidden civsTurbo modeCheats
Victory
Defeat
🇸🇰 Slavs · Slovakia
1370
+18
🇦🇷 Tupi · Argentina
1408
-18
sodsojf
11:09 Feudal Age
10:40 Loom
14:47 Castle Age
12:53 Double-Bit Axe
13:07 Horse Collar
14:32 Gold Mining
15:43 Bow Saw
17:06 Gold Mining
19:27 Redemption
20:07 Sanctity
27:33 Wheelbarrow
36:17 Imperial Age
34:22 Heavy Plow
35:33 Town Watch
35:41 Stone Mining
36:58 Hand Cart
38:08 Two-Man Saw
37:12 Onager
39:42 Conscription
39:05 Siege Onager
39:15 Pikeman
41:24 Halberdier
42:08 Squires
42:10 Scale Mail Armor
42:50 Man-at-Arms
43:48 Chain Mail Armor
43:44 Forging
44:02 Scale Barding Armor
43:55 Long Swordsman
44:27 Two-Handed Swordsman
47:37 Plate Mail Armor
47:26 Capped Ram
47:27 Champion
48:28 Chain Barding Armor
48:44 Iron Casting
48:45 Ballistics
48:32 Siege Engineers
[AdelB] TupacPalo
10:38 Feudal Age
14:16 Castle Age
12:58 Double-Bit Axe
13:02 Horse Collar
14:11 Town Watch
17:52 Fletching
18:40 Bow Saw
21:18 Gold Mining
22:29 Bodkin Arrow
25:57 Loom
28:19 Ballistics
35:15 Wheelbarrow
36:06 Heavy Plow
40:46 Imperial Age
39:25 Caciques
39:27 Champi Runner
40:09 Squires
40:10 Champi Warrior
41:53 Gold Shaft Mining
42:04 Bracer
42:36 Scale Mail Armor
43:06 Conscription
43:19 Forging
42:54 Elite Champi Warrior
43:52 Chain Mail Armor
45:01 Iron Casting
46:41 Conscription
48:13 Plate Mail Armor
48:32 Capped Ram
49:47 Padded Archer Armor
Connection lost

Rejoining the realm…

Still unreachable

The connection could not be restored.

Session expired

The server has moved on; the page needs a fresh start.